AoeStats
← Simon Stokvis

Arena

506356613Analyzed
4v4 RM · 20d ago on Sep 13, 2026· 52m 4s· 8 players
Game mode
Random Map
Map size
Large (8 player)
Population
200
Speed
Normal
Resources
Standard
Victory
Conquest
Starting age
Dark Age
Ending age
Imperial Age
RankedLock teamsTeams togetherTeam positionsShared explorationLock speedFull tech treeHidden civsTurbo modeCheats
Victory
Defeat
🇫🇷 Persians · France
1533
+15
🇨🇳 Poles · China
1533
+15
1517
+16
🇳🇱 Khmer · Netherlands
1504
+16
🇨🇳 Vietnamese · China
1535
-17
1521
-16
1506
-15
🇨🇳 Gurjaras · China
1470
-14
Simon Stokvis
10:36 Feudal Age
13:24 Castle Age
25:44 Loom
29:37 Gold Mining
32:07 Town Watch
32:57 Wheelbarrow
33:48 Gold Shaft Mining
36:28 Imperial Age
35:08 Ballistics
37:11 Heavy Scorpion
37:53 Capped Ram
39:48 Siege Ram
42:15 Chemistry
41:46 Double-Bit Axe
42:40 Double Crossbow
43:47 Bow Saw
43:52 Siege Engineers
46:18 Hand Cart
47:34 Conscription
Tifur
11:02 Feudal Age
12:25 Loom
14:54 Castle Age
12:47 Horse Collar
13:19 Double-Bit Axe
15:59 Bow Saw
18:51 Town Watch
19:50 Wheelbarrow
23:16 Gold Mining
23:39 Stone Mining
27:55 Imperial Age
25:47 Scale Barding Armor
26:16 Hand Cart
26:25 Heavy Plow
27:11 Chain Barding Armor
28:10 Elite War Elephant
30:57 Plate Barding Armor
30:37 Devotion
31:38 Husbandry
31:51 Bloodlines
32:25 Conscription
32:23 Forging
33:46 Iron Casting
35:24 Hoardings
35:27 Faith
38:05 Crop Rotation
37:42 Fletching
38:56 Blast Furnace
39:19 Ballistics
39:47 Fletching
40:10 Citadels
40:43 Gold Shaft Mining
43:11 Masonry
44:02 Chemistry
43:00 Bodkin Arrow
48:41 Architecture
48:07 Murder Holes
52:47 Two-Man Saw
[韓粉戰隊] 鋼鐵韓粉
11:01 Feudal Age
11:49 Double-Bit Axe
14:31 Castle Age
15:59 Bow Saw
17:10 Town Watch
17:13 Loom
22:31 Gold Mining
25:37 Wheelbarrow
24:47 Loom
28:33 Imperial Age
27:17 Hand Cart
27:24 Scale Barding Armor
27:30 Forging
29:03 Chain Barding Armor
29:07 Husbandry
28:40 Cavalier
30:28 Iron Casting
31:05 Plate Barding Armor
32:47 Gold Shaft Mining
34:13 Blast Furnace
33:20 Paladin
34:49 Fletching
36:09 Conscription
37:31 Stone Mining
40:06 Light Cavalry
42:39 Ballistics
42:15 Bodkin Arrow
42:37 Scale Mail Armor
苏东坡的粉丝
11:18 Feudal Age
15:14 Castle Age
13:20 Horse Collar
13:52 Double-Bit Axe
16:23 Heavy Plow
16:39 Bow Saw
17:36 Loom
20:49 Gold Mining
21:57 Wheelbarrow
22:05 Stone Mining
28:50 Imperial Age
26:37 Hand Cart
27:00 Stone Shaft Mining
26:43 Pikeman
27:35 Forging
28:09 Scale Mail Armor
28:06 Town Watch
28:59 Iron Casting
28:36 Fletching
29:07 Capped Ram
30:06 Chain Mail Armor
30:35 Crop Rotation
30:28 Squires
30:39 Squires
32:28 Blast Furnace
31:58 Plate Mail Armor
31:50 Fletching
33:28 Conscription
32:31 Elite Obuch
34:00 Elite Skirmisher
34:41 Padded Archer Armor
35:51 Chemistry
35:56 Bodkin Arrow
36:52 Leather Archer Armor
36:38 Bracer
36:59 Thumb Ring
37:31 Leather Archer Armor
37:51 Arson
38:51 Coinage
38:56 Ballistics
38:56 Bombard Tower
38:57 Onager
42:51 Fortified Wall
42:57 Scale Barding Armor
44:17 Bombard Tower
48:24 Masonry
49:49 Siege Engineers
钙奶饼干
11:18 Feudal Age
13:12 Double-Bit Axe
13:23 Loom
15:59 Castle Age
14:31 Horse Collar
17:08 Bow Saw
21:52 Light Cavalry
24:35 Town Watch
25:27 Heavy Plow
27:19 Wheelbarrow
26:43 Gold Mining
28:11 Husbandry
28:22 Bloodlines
29:19 Gold Shaft Mining
29:03 Hand Cart
32:55 Imperial Age
33:03 Imperial Age
30:32 Fletching
30:59 Thumb Ring
30:56 Padded Archer Armor
31:20 Ballistics
31:19 Bodkin Arrow
33:21 Leather Archer Armor
33:47 Bracer
34:50 Chemistry
33:26 Elite Elephant Archer
34:36 Masonry
38:06 Frontier Guards
38:37 Leather Archer Armor
39:05 Conscription
39:17 Scale Barding Armor
39:22 Forging
40:32 Chain Barding Armor
40:36 Kshatriyas
41:57 Iron Casting
40:45 Hussar
42:11 Siege Elephant
46:29 Hoardings
46:28 Architecture
45:54 Murder Holes
46:32 Architecture
拳斗部诗人—菜桑
8:45 Feudal Age
9:34 Double-Bit Axe
9:48 Horse Collar
16:31 Wheelbarrow
19:26 Castle Age
19:24 Forging
19:21 Scale Barding Armor
19:42 Bloodlines
21:20 Chain Barding Armor
25:01 Bow Saw
24:44 Gold Mining
30:21 Imperial Age
28:02 Loom
29:32 Pikeman
30:12 Squires
30:29 Halberdier
32:03 Gold Shaft Mining
31:18 Stone Mining
31:48 Scale Mail Armor
32:24 Iron Casting
34:42 Hand Cart
34:13 Town Watch
35:21 Chain Mail Armor
36:06 Blast Furnace
35:42 Plate Barding Armor
38:48 Cavalier
39:39 Onager
39:42 Capped Ram
40:48 Paladin
50:36 Hoardings
50:15 Light Cavalry
52:19 Conscription
滑西列夫斯稽
3:25 Double-Bit Axe
6:08 Horse Collar
11:04 Feudal Age
14:46 Castle Age
13:40 Bow Saw
14:34 Heavy Plow
18:37 Wheelbarrow
27:33 Imperial Age
25:43 Hand Cart
25:41 Town Watch
25:42 Loom
27:00 Two-Man Saw
25:57 Gold Mining
27:06 Scale Mail Armor
27:17 Squires
27:12 Stone Mining
28:11 Guilds
28:36 Chain Mail Armor
28:33 Forging
27:49 Pikeman
30:11 Chemistry
29:50 Iron Casting
30:37 Plate Mail Armor
29:54 Arson
30:43 Halberdier
32:25 Blast Furnace
31:33 Scale Barding Armor
32:00 Padded Archer Armor
33:48 Conscription
34:47 Stone Shaft Mining
34:49 Gold Shaft Mining
36:14 Elite Coustillier
38:04 Chain Barding Armor
39:23 Plate Barding Armor
40:12 Man-at-Arms
43:05 Husbandry
50:41 Fletching
50:59 Burgundian Vineyards
51:34 Hoardings
椒香三角铁
4:46 Loom
10:43 Feudal Age
14:43 Castle Age
13:05 Double-Bit Axe
13:02 Horse Collar
16:03 Bow Saw
25:53 Wheelbarrow
29:00 Fletching
32:34 Imperial Age
31:49 Scale Mail Armor
32:00 Forging
31:45 Gold Mining
31:46 Stone Mining
32:29 Sanctity
31:55 Pikeman
32:35 Squires
34:33 Chain Mail Armor
36:56 Illumination
38:33 Theocracy
39:43 Chemistry
40:58 Siege Engineers
41:15 Bombard Tower
41:25 Block Printing
48:26 Halberdier
Connection lost

Rejoining the realm…

Still unreachable

The connection could not be restored.

Session expired

The server has moved on; the page needs a fresh start.